 Dungeon Crawl Stone Soup version 0.22-a0-136-g83a10e5 (webtiles) character file.

3578 mhoghedin the Nimble (level 9, -6/46 HPs)
             Began as a Spriggan Conjurer on Feb 3, 2018.
             Was an Elder of Makhleb.
             Killed from afar by a manticore (14 damage)
             ... with a volley of spikes
             ... on level 8 of the Dungeon.
             The game lasted 00:33:12 (9105 turns).

mhoghedin the Nimble (Spriggan Conjurer)            Turns: 9105, Time: 00:33:12

Health: -6/46      AC:  2    Str:  4    XL:     9   Next: 84%
Magic:  18/21      EV: 25    Int: 19    God:    Makhleb [****..]
Gold:   579        SH:  0    Dex: 17    Spells: 3/22 levels left

rFire    . . .     SeeInvis +   w - +3 dagger (venom)
rCold    . . .     Gourm    .   (shield restricted)
rNeg     . . .     Faith    .   u - +0 robe (curse)
rPois    .         Spirit   .   (helmet restricted)
rElec    .         Reflect  .   E - scarf {cloud immunity}
rCorr    .         Harm     .   (gloves unavailable)
MR       +....                  (boots unavailable)
Stlth    +.........             (no amulet)
HPRegen  0.15/turn              (no ring)
MPRegen  0.17/turn              (no ring)

@: confused, barbed spikes, very quick
A: very small, unfitting armour, see invisible, herbivore, speed 3, slow
metabolism 2
a: Minor Destruction, Lesser Servant of Makhleb, Major Destruction, Renounce
Religion


You were on level 8 of the Dungeon.
You worshipped Makhleb.
Makhleb was greatly pleased with you.
You were not hungry.

You visited 1 branch of the dungeon, and saw 8 of its levels.
You also visited: Ossuary.

You collected 579 gold pieces.

Inventory:

Hand Weapons
 d - a +1 dagger of holy wrath
   (You took it off an orc on level 8 of the Dungeon)
 w - a +3 dagger of venom (weapon)
   (You took it off an orc priest on level 5 of the Dungeon)
Missiles
 b - 4 throwing nets {=f, !d}
Armour
 p - a +1 cloak
   (You found it on level 3 of the Dungeon)
 u - a cursed +0 robe (worn)
   (You found it on level 4 of the Dungeon)
 E - a scarf of cloud immunity (worn)
   (You found it on level 7 of the Dungeon)
Wands
 l - a wand of iceblast (3)
   (You found it on level 2 of the Dungeon)
 x - a wand of acid (5)
   (You found it on level 5 of the Dungeon)
 y - a wand of paralysis (20)
   (You found it on level 6 of the Dungeon)
Scrolls
 e - 4 scrolls of remove curse
 g - 4 scrolls of amnesia
 i - a scroll of blinking {!r}
 j - a scroll of immolation {!r}
 m - 3 scrolls of identify
 o - 3 scrolls of magic mapping {!r}
 r - 2 scrolls of enchant weapon
 G - a scroll of fog {unknown}
Potions
 f - a potion of ambrosia
 h - a potion of brilliance {unknown}
 k - 4 potions of mutation {!q}
 q - 2 potions of cancellation {unknown}
 s - 4 potions of degeneration {unknown}
 t - 2 potions of agility
 v - a potion of berserk rage {unknown}
 z - 2 potions of flight {unknown}
 A - 5 potions of might {unknown}
 B - a potion of magic {unknown}
 D - a potion of curing {unknown}
 F - a potion of resistance {unknown}
 I - a potion of lignification {unknown}
Books
 a - a book of Cantrips
   (You found it on level 6 of the Dungeon)
 C - a book of Flames
   (You found it on level 7 of the Dungeon)
Comestibles
 c - 2 rations


   Skills:
 - Level 4.7 Fighting
 - Level 2.2 Short Blades
 - Level 9.2 Dodging
 - Level 3.6 Stealth
 - Level 7.4 Spellcasting
 + Level 5.5 Conjurations
 + Level 6.1 Hexes
 - Level 4.2 Translocations
 - Level 3.1 Invocations


You had 3 spell levels left.
You knew the following spells:

 Your Spells              Type           Power        Failure   Level  Hunger
a - Magic Dart            Conj           ####         1%          1    None
b - Searing Ray           Conj           ####..       1%          2    None
c - Dazzling Spray        Conj/Hex       ####..       2%          3    #......
d - Fulminant Prism       Conj/Hex       ####......   9%          4    ###....
e - Force Lance           Conj/Tloc      ####....     13%         4    ###....
g - Apportation           Tloc           ###...       1%          1    None
x - Iskenderun's Mystic   Conj           ####....     10%         4    ###....


Dungeon Overview and Level Annotations

Branches:
Dungeon (8/15)             Temple (0/1) D:6
   Lair: D:8-11

Altars:
Elyvilon
Hepliaklqana
Makhleb
Okawaru
Vehumet
Yredelemnul
Zin

Shops:
D:7 (


Innate Abilities, Weirdness & Mutations

You are very small and have problems with some larger weapons.
You are too small for most types of armour.
You have supernaturally acute eyesight. (SInv)
You are a herbivore.
You cover ground extremely quickly.
You need consume almost no food.


Message History

You are too injured to fight recklessly!
You are too injured to fight recklessly!
You take 22 damage, and have 24/46 hp.
MASSIVE DAMAGE!!
As you read the scroll of fear, it crumbles to dust.
You assume a fearsome visage.
The manticore looks frightened!
The big kobold looks frightened!
The kobold looks frightened!
The adder looks frightened!
The worker ant looks frightened!
You feel sick.
You feel agile all of a sudden.
You feel sick.
You take 1 damage, and have 23/46 hp.
As you read the scroll labeled FAXOBBOGGA, it crumbles to dust.
You feel strangely unstable.
It was a scroll of teleportation.
Unknown command.
Unknown command.
You feel sick.
You take 1 damage, and have 22/46 hp.
You carefully extract the barbed spikes from your body.
Your surroundings suddenly seem different.
You feel sick.
You take 1 damage, and have 21/46 hp.
You feel sick.
You take 1 damage, and have 21/46 hp.
You feel sick.
You take 1 damage, and have 20/46 hp.
You feel sick.
You start resting.
You feel sick. x3
You are no longer poisoned.
You take 2 damage, and have 18/46 hp.
You start resting.
You feel a little less agile now.
You regained 4 hp, and now have 22/46 hp.
Unknown command.
Okay, then.
Unknown command.
You start resting.
Health restored: 46
There is an open door here.
The adder hisses angrily.
The adder completely misses you.
You hit the adder.
The adder is poisoned.
The adder completely misses you.
You closely miss the adder. The adder bites you but does no damage.
You closely miss the adder. The adder completely misses you.
You barely miss the adder. The adder bites you.
You take 5 damage, and have 41/46 hp.
An adder is nearby!
You hit the adder.
The adder looks as sick as possible!
The adder bites you.
You are poisoned.
The adder poisons you!
You take 4 damage, and have 37/46 hp.
You hit the adder.
You kill the adder!
Makhleb accepts your kill.
You feel better.
You feel sick.
You regained 2 hp, and now have 39/46 hp.
You start resting.
You feel sick. x3
You are no longer poisoned.
You take 2 damage, and have 37/46 hp.
The manticore is too close now for your liking.
Okay, then.
Unknown command.
Aim: a manticore (hasn't noticed you)
The spray of energy hits the manticore.
The manticore is dazzled.
You now have 18/21 mp.
You conjure a prism of explosive energy!
You now have 14/21 mp.
Aim: a manticore (lightly wounded, blind, hasn't noticed you)
The puff of flame hits the manticore.
Your fulminant prism crackles loudly.
You take 1 damage, and have 38/46 hp.
Aim: a manticore (moderately wounded, blind, hasn't noticed you)
The zap hits the manticore.
The manticore is no longer blind.
The manticore flicks its tail.
The volley of spikes hits you!
The barbed spikes become lodged in your body.
The blast of energy engulfs the manticore.
You hear a shout!
You hear an angry hiss.
You take 16 damage, and have 22/46 hp.
MASSIVE DAMAGE!!
Aim: a manticore (severely wounded)
The manticore easily resists.
The manticore flicks its tail.
The volley of spikes hits you!
The barbed spikes become lodged in your body.
* * * LOW HITPOINT WARNING * * *
You take 17 damage, and have 5/46 hp.
MASSIVE DAMAGE!!
Aim: a manticore (severely wounded)
The zap misses the manticore.
You take 1 damage, and have 4/46 hp.
You don't have enough health at the moment.
You are confused.
You feel invigorated. The big kobold completely misses you.
The manticore flicks its tail.
The volley of spikes hits you!
The barbed spikes become lodged in your body.
You die...

,,,,**,,,** #K...........#.......
*,,,,,..** ##............#.......
,,,,,,...*##....***#.....#.†.....
,,,,*,....#....** #.......###.##
,,,,*,........#* #.....#####.##
,,,,+,.K....)H## ##...........#.
,,,**,.........####..............
,,,,,,..........##....##########.
,,*,**.........K@.....# #......
,,,,,*.........(.....## #......
,,*,,*....(#.........######......
,<*,,*.....#.#####........'......
,,*,,*.###.#.****##########......
*,*,,*,,,,,H.,,,,,,,,,.........#.
*,********.#.################..#.
,,,,,,,,,,,,.......#...........#.
,,,,,,,,,,,,...........†.....#.#.


You could see a manticore and a big kobold.

Vanquished Creatures
  Sigmund (D:3)
  Eustachio (D:4)
  5 sky beasts
  An orc warrior (D:6)
  4 ogres
  A black bear (D:7)
  A centaur (D:5)
  3 bullfrogs
  A scorpion (D:5)
  2 bullfrog zombies (D:5)
  3 crimson imps
  A centaur zombie (D:7)
  A gnoll shaman (D:7)
  4 orc priests
  2 hounds
  2 jellies
  3 orc wizards
  A bullfrog skeleton (D:5)
  2 iguanas
  Natasha (twice) (D:2)
  9 worker ants
  A big kobold zombie (Ossuary)
  A hound skeleton (D:6)
  8 mummies (Ossuary)
  Robin (D:2)
  14 gnolls
  4 adders
  An ooze (D:3)
  A dart slug (D:1)
  2 worms (D:2)
  A leopard gecko (D:8)
  29 orcs
  A ball python (D:3)
  3 giant cockroaches
  A gnoll zombie (Ossuary)
  11 hobgoblins
  10 jackals
  6 kobolds
  4 quokkas
  5 bats
  7 frilled lizards
  14 goblins
  4 hobgoblin zombies (Ossuary)
  A kobold zombie (Ossuary)
  An orc zombie (Ossuary)
  6 rats
187 creatures vanquished.

Vanquished Creatures (collateral kills)
  A two-headed ogre (D:8)
  An ice beast (D:7)
  A bullfrog (D:8)
  A gnoll sergeant (D:7)
  A hound skeleton (D:7)
  5 gnolls (D:7)
  An orc (D:8)
  A jackal (D:7)
12 creatures vanquished.

Vanquished Creatures (others)
  8 fulminant prisms
8 creatures vanquished.

Grand Total: 207 creatures vanquished

Notes
Turn   | Place    | Note
-------+----------+-------------------------------------------
     0 | D:1      | mhoghedin the Spriggan Conjurer began the quest for the Orb.
     0 | D:1      | Reached XP level 1. HP: 9/9 MP: 5/5
    44 | D:1      | Reached skill level 3 in Conjurations
   263 | D:1      | Reached skill level 3 in Spellcasting
   430 | D:1      | Reached XP level 2. HP: 13/13 MP: 1/7
   521 | D:1      | Learned a level 2 spell: Searing Ray
   895 | D:2      | HP: 3/13 [worm (10)]
  1429 | D:2      | Found a faded altar of an unknown god.
  1444 | D:2      | Became a worshipper of Makhleb the Destroyer
  1444 | D:2      | Reached * piety under Makhleb
  1658 | D:2      | Reached XP level 3. HP: 16/16 MP: 2/9
  1897 | D:2      | Noticed Robin
  1925 | D:2      | Killed Robin
  1930 | D:2      | Reached skill level 4 in Spellcasting
  2072 | D:2      | Reached ** piety under Makhleb
  2183 | D:2      | Noticed Natasha
  2194 | D:2      | Found a basalt altar of Yredelemnul.
  2206 | D:2      | Killed Natasha
  2206 | D:2      | Reached XP level 4. HP: 11/21 MP: 0/11
  2209 | D:2      | Noticed Natasha
  2211 | D:2      | Killed Natasha
  2562 | D:3      | Learned a level 3 spell: Dazzling Spray
  2875 | D:3      | Reached XP level 5. HP: 22/24 MP: 4/13
  3111 | D:3      | Reached skill level 4 in Conjurations
  3111 | D:3      | Reached skill level 1 in Hexes
  3247 | D:2      | Learned a level 4 spell: Fulminant Prism
  3252 | D:2      | Reached skill level 5 in Spellcasting
  3436 | D:3      | Noticed Sigmund
  3449 | D:3      | Killed Sigmund
  3449 | D:3      | Reached skill level 2 in Hexes
  3449 | D:3      | Reached skill level 1 in Invocations
  3449 | D:3      | Reached XP level 6. HP: 26/28 MP: 3/15
  3975 | D:4      | Found a glowing silver altar of Zin.
  4135 | D:4      | Found an iron altar of Okawaru.
  4355 | D:4      | Noticed Eustachio
  4362 | D:4      | Killed Eustachio
  4362 | D:4      | Reached skill level 6 in Spellcasting
  4362 | D:4      | Reached skill level 3 in Hexes
  4362 | D:4      | Reached skill level 2 in Invocations
  4362 | D:4      | Reached XP level 7. HP: 28/32 MP: 9/17
  4368 | D:4      | Learned a level 4 spell: Iskenderun's Mystic Blast
  4373 | D:4      | Learned a level 4 spell: Force Lance
  4414 | D:4      | Reached skill level 1 in Translocations
  4592 | D:5      | Entered Level 5 of the Dungeon
  4767 | D:5      | Found a burning altar of Makhleb.
  4767 | D:5      | Found a radiant altar of Vehumet.
  4772 | D:5      | Reached skill level 2 in Translocations
  4796 | D:5      | Reached *** piety under Makhleb
  4796 | D:5      | Reached skill level 4 in Hexes
  4819 | D:5      | Found a hazy altar of Hepliaklqana.
  4873 | D:5      | Reached skill level 3 in Translocations
  5290 | D:5      | Reached XP level 8. HP: 26/36 MP: 10/19
  5504 | D:5      | Reached skill level 7 in Spellcasting
  5504 | D:5      | Reached skill level 5 in Conjurations
  5504 | D:5      | Reached skill level 5 in Hexes
  5504 | D:5      | Reached skill level 4 in Translocations
  5708 | D:5      | Reached skill level 1 in Short Blades
  5761 | D:5      | Reached skill level 1 in Fighting
  5794 | D:5      | Reached skill level 4 in Dodging
  5969 | D:6      | Found a staircase to the Ecumenical Temple.
  5977 | D:6      | Learned a level 1 spell: Apportation
  6002 | D:6      | Reached skill level 2 in Short Blades
  6300 | D:6      | Found a white marble altar of Elyvilon.
  6681 | D:6      | Reached skill level 3 in Invocations
  6877 | D:6      | Reached **** piety under Makhleb
  7080 | D:7      | Reached skill level 2 in Fighting
  7090 | D:7      | Reached skill level 5 in Dodging
  7119 | D:7      | Reached XP level 9. HP: 32/43 MP: 11/21
  7225 | D:7      | Found Tomecs's Antique Weapon Boutique.
  7246 | D:7      | Reached skill level 6 in Dodging
  7277 | D:7      | Reached skill level 3 in Fighting
  7355 | D:7      | Reached skill level 7 in Dodging
  7555 | D:7      | HP: 10/45 [gnoll sergeant/trident of freezing (2)]
  8246 | D:8      | Noticed a two-headed ogre
  8269 | D:8      | Killed a two-headed ogre
  8269 | D:8      | Reached skill level 4 in Fighting
  8269 | D:8      | Reached skill level 8 in Dodging
  8271 | D:8      | Reached skill level 9 in Dodging
  8381 | D:8      | Found a sand-covered staircase.
  8391 | Ossuary  | Entered an ossuary
  8793 | D:8      | Reached skill level 6 in Hexes
  8836 | D:8      | Noticed a manticore
  9103 | D:8      | HP: 5/46 [manticore/volley of spikes (16)]
  9105 | D:8      | Killed from afar by a manticore

Vault maps used:
D:1:      dpeg_arrival_ternary
D:2:      old_standard_altar, chequers_ecumenical_altar_simple_redux,
          feat_on_display, uniq_robin, uniq_natasha
D:3:      uniq_sigmund
D:4:      zin_treasury, kennysheep_mini, minivault_26, uniq_eustachio
D:5:      grunt_temple_overflow_lords_of_destruction, marbit_many_paths,
          nicolae_overflow_hidden_temple, first_ration
D:6:      elyvilon_altar_5, minmay_temple_entry_butterflies
D:7:      serial_shops, shop
D:8:      lemuel_doored_altar, gammafunk_temple_overflow_wave,
          lightli_ossuary_entry_decrepit_ruins, serial_shops, shop,
          grunt_pizzeria, hangedman_decor_growths, nicolae_ru_path_of_blood
Ossuary:  ossuary_tomb_3

Skill      XL: |  1  2  3  4  5  6  7  8  9 |
---------------+----------------------------+-----
Conjurations   | 3 4 5 |  5.5
Spellcasting   | 3 4 5 6 7 |  7.4
Hexes          | 2 3 4 5 6 |  6.1
Invocations    | 1 2 3 |  3.1
Translocations | 3 4 |  4.2
Short Blades   | 2 |  2.2
Fighting       | 2 4 |  4.7
Dodging        | 5 9 |  9.2
Stealth        | |  3.6

Action                   |  1- 3 |  4- 6 |  7- 9 || total
-------------------------+-------+-------+-------++-------
Melee: Hand axe          |     4 |       |       ||     4
       Dagger            |     3 |    12 |   146 ||   161
 Cast: Magic Dart        |    70 |    38 |    51 ||   159
       Searing Ray       |     7 |    11 |    23 ||    41
       Dazzling Spray    |       |     9 |    21 ||    30
       Fulminant Prism   |       |       |     8 ||     8
       Iskenderun's Myst |       |       |     3 ||     3
       Force Lance       |       |       |     1 ||     1
Invok: Minor Destruction |       |    20 |    82 ||   102
       Lesser Servant of |       |       |     4 ||     4
Evoke: Wand              |       |     3 |     1 ||     4
  Use: Scroll            |       |     6 |     8 ||    14
       Potion            |       |       |     2 ||     2
 Stab: Sleeping          |       |     2 |     7 ||     9
       Distracted        |       |       |     1 ||     1
  Eat: Ration            |       |       |     4 ||     4
Armor: Robe              |     1 |     4 |    11 ||    16
Dodge: Dodged            |    17 |    52 |   232 ||   301

Table legend:
 A = Spawn XP
 B = Non-spawn XP
 C = Spawn XP percentage of total XP
 D = Spawn monster count
 E = Non-spawn monster count
 F = Spawn count percentage of total count
 G = Total turns spent on level
                    A         B        C        D         E        F      G
               +---------+---------+-------+---------+---------+-------+---------
         Total |       0 |    5112 |   0.0 |       0 |     199 |   0.0 |  9105
               +---------+---------+-------+---------+---------+-------+---------
           D:1 |       0 |      16 |   0.0 |       0 |       9 |   0.0 |  1045
           D:2 |       0 |     149 |   0.0 |       0 |      31 |   0.0 |  1668
           D:3 |       0 |     356 |   0.0 |       0 |      27 |   0.0 |  1042
           D:4 |       0 |     359 |   0.0 |       0 |       9 |   0.0 |   837
           D:5 |       0 |    1082 |   0.0 |       0 |      23 |   0.0 |  1328
           D:6 |       0 |     566 |   0.0 |       0 |      28 |   0.0 |  1149
           D:7 |       0 |    1335 |   0.0 |       0 |      39 |   0.0 |  1126
           D:8 |       0 |    1069 |   0.0 |       0 |      17 |   0.0 |   613
       Ossuary |       0 |     180 |   0.0 |       0 |      16 |   0.0 |   297
               +---------+---------+-------+---------+---------+-------+---------

Vault maps used:
D:1:      dpeg_arrival_ternary
D:2:      old_standard_altar, chequers_ecumenical_altar_simple_redux,
          feat_on_display, uniq_robin, uniq_natasha
D:3:      uniq_sigmund
D:4:      zin_treasury, kennysheep_mini, minivault_26, uniq_eustachio
D:5:      grunt_temple_overflow_lords_of_destruction, marbit_many_paths,
          nicolae_overflow_hidden_temple, first_ration
D:6:      elyvilon_altar_5, minmay_temple_entry_butterflies
D:7:      serial_shops, shop
D:8:      lemuel_doored_altar, gammafunk_temple_overflow_wave,
          lightli_ossuary_entry_decrepit_ruins, serial_shops, shop,
          grunt_pizzeria, hangedman_decor_growths, nicolae_ru_path_of_blood
Ossuary:  ossuary_tomb_3

Table legend:
 A = Turns spent in this place as a percentage of turns spent in the entire game.
 B = Non-inter-level travel turns spent in this place as a percentage of non-inter-level travel turns spent in the entire game.
 C = Inter-level travel turns spent in this place as a percentage of turns spent in this place.
 D = Turns resting spent in this place as a percentage of non-inter-level travel turns spent in this place.
 E = Turns spent auto-exploring this place as a percentage of non-inter-level travel turns spent in this place.
 F = Non-inter-level travel turns spent in this place divided by the number of levels of this place that you've seen.
                   A       B       C       D       E      F
               +-------+-------+-------+-------+-------+----------------------
         Total | 100.0 | 100.0 |   2.8 |  37.8 |  42.8 | 982.9
       Dungeon |  96.7 |  96.6 |   2.9 |  37.7 |  43.0 | 1068.6
       Ossuary |   3.3 |   3.4 |   0.0 |  39.4 |  36.4 | 297.0
               +-------+-------+-------+-------+-------+----------------------

Table legend:
 A = Kills in this place as a percentage of kills in entire the game.
 B = Kills by you in this place as a percentage of kills by you in the entire game.
 C = Kills by friends in this place as a percentage of kills by friends in the entire game.
 D = Other kills in this place as a percentage of other kills in the entire game.
 E = Experience gained in this place as a percentage of experience gained in the entire game.
 F = Experience gained in this place divided by the number of levels of this place that you have seen.
                   A       B       C       D       E      F
               +-------+-------+-------+-------+-------+----------------------
         Total | 100.0 | 100.0 | 100.0 |   N/A | 100.0 | 568.0
       Dungeon |  92.0 |  91.4 | 100.0 |   N/A |  96.5 | 616.5
       Ossuary |   8.0 |   8.6 |   0.0 |   N/A |   3.5 | 180.0
               +-------+-------+-------+-------+-------+----------------------
